 Dungeon Crawl Stone Soup version 0.31-a0-1547-g618ab1f346 (webtiles) character file.

Game seed: 14681941414814343033

44 Flugslaktarn the Apothecary (level 3, -2/21 HPs)
             Began as an Octopode Alchemist on Jan 3, 2024.
             Slain by Robin
             ... wielding a +1 heavy spear
              (10 damage)
             ... on level 3 of the Dungeon.
             The game lasted 00:01:31 (479 turns).

Flugslaktarn the Apothecary (Octopode Alchemist)     Turns: 479, Time: 00:01:32

Health: -2/21      AC:  1    Str:  7    XL:     3   Next: 62%
Magic:  1/6        EV: 13    Int: 17    God:
Gold:   37         SH:  0    Dex: 14    Spells: 6/7 levels left

rFire   . . .        b - +1 dagger (venom)
rCold   . . .        (no shield)
rNeg    . . .        (helmet restricted)
rPois   .            (no amulet)
rElec   .            (no ring)
rCorr   .            (no ring)
SInv    .            (no ring)
Will    .....        (no ring)
Stlth   +++          (no ring)
HPRegen 0.23/turn    (no ring)
MPRegen 0.10/turn    (no ring)
                     (no ring)

%: no passive effects
@: no status effects
A: almost no armour, amphibious, 8 rings, camouflage 1, gelatinous body 1,
(nimble swimmer 1), tentacles
a: no special abilities


You were on level 3 of the Dungeon.
You visited 1 branch of the dungeon, and saw 4 of its levels.

You collected 37 gold pieces.

Inventory:

Hand Weapons
 b - a +1 dagger of venom (weapon)
   (You took it off a goblin on level 1 of the Dungeon)
 d - a +0 dagger
   (You took it off a kobold on level 1 of the Dungeon)
 g - a +2 heavy war axe
   (You found it on level 4 of the Dungeon)
Scrolls
 c - a scroll of teleportation {unknown}
 e - a scroll of revelation {unknown}
 f - a scroll of blinking {unknown}
 h - 2 scrolls of immolation {unknown}
Potions
 a - a potion of magic
 q - a potion of curing


   Skills:
 - Level 2.0 Dodging
 - Level 2.6 Stealth
 + Level 2.6 Spellcasting
 - Level 1.0 Conjurations
 * Level 4.4 Alchemy


You had 6 spell levels left.
You knew the following spells:

 Your Spells              Type           Power      Damage    Failure   Level
a - Sting                 Conj/Alch      44%        1d5       6%          1

Your spell library contained the following spells:

 Spells                   Type           Power      Damage    Failure   Level
 Mercury Vapours          Alch/Air       18%        N/A       11%         2
 Magic Dart               Conj           20%        1d4       12%         1
 Searing Ray              Conj           10%        2d4       19%         2
 Mephitic Cloud           Conj/Alch/Air  8%         N/A       26%         3
 Olgreb's Toxic Radiance  Alch           17%        N/A       28%         4
 Fulminant Prism          Conj/Alch      5%         3d6       52%         4
 Sticky Flame             Fire/Alch      9%         2d5       58%         4


Dungeon Overview and Level Annotations

Branches:
Dungeon (4/15)
 Temple: D:4-7

Altars:

Annotations:
D:3 Robin


Innate Abilities, Weirdness & Mutations

You cannot wear most types of armour.
You are amphibious.
You can wear up to eight rings at the same time.
Your skin changes colour to match your surroundings (Stealth+).
Your rubbery body absorbs attacks. (AC +1, EV +1)
((You are camouflaged when in or above water. (Stealth+)))
You have tentacles for arms and can constrict up to eight enemies at once.


Message History

You constrict the kobold, but do no damage.
You kill the kobold!
You see here a +0 dagger.
You open the door.
You hear the slow rusting of a very distant drain.
A bat comes into view.
There is an open door here.
The bat hits you.
Casting: Sting (safe; 6% risk of failure)
Confirm with . or Enter, or press ? or * to list all spells.
Aiming: Sting (safe; 6% risk of failure)
Press: ? - help, Shift-Dir - straight line, f - bat
Aim: a bat (57% to hit)
The sting hits the bat.
The bat is poisoned.
You kill the bat!
There is an open door here.
You see here a bat corpse.
There is an open door here.
A goblin comes into view. It is wielding a +0 dagger.
A goblin comes into view. It is wielding a +0 club.
Things that are here:
a +0 club; a goblin corpse A goblin comes into view.
It is wielding a +0 club.
Casting: Sting (safe; 6% risk of failure)
Confirm with . or Enter, or press ? or * to list all spells.
You can't see any susceptible monsters within range! (Use Z to cast anyway.)
Things that are here:
a +0 club; a goblin corpse Robin shouts!
Robin roars a battlecry!
The goblins go into a battle-frenzy!
The hobgoblin shouts!
The goblin shouts!
Robin throws the goblin at you! The goblin hits you with a +0 club.
The goblin shouts!
Casting: Sting (safe; 6% risk of failure)
Confirm with . or Enter, or press ? or * to list all spells.
Aiming: Sting (safe; 6% risk of failure)
Press: ? - help, Shift-Dir - straight line, f - goblin
Aim: a goblin, wielding a +0 club (strong, 64% to hit)
You miscast Sting.
You are very lightly contaminated with residual magic.
Nothing appears to happen.
You hear a loud squeak.
The goblin misses you.
You hit the goblin.
You kill the goblin!
Robin says, "Bow before me, strongest of all the hobgoblins!"
You see here a +0 club.
Things that are here:
a +0 club; a goblin corpse
Items here: )))) †.
Casting: Sting (safe; 6% risk of failure)
Confirm with . or Enter, or press ? or * to list all spells.
Aiming: Sting (safe; 6% risk of failure)
Press: ? - help, Shift-Dir - straight line, f - ball python
Aim: a ball python (68% to hit)
The sting hits the ball python.
The ball python is poisoned.
The ball python is heavily wounded.
Your magical contamination has completely faded away.
Casting: Sting (safe; 6% risk of failure)
Confirm with . or Enter, or press ? or * to list all spells.
Aiming: Sting (safe; 6% risk of failure)
Press: ? - help, Shift-Dir - straight line, f/p - ball python
Aim: a ball python (severely wounded, poisoned, 68% to hit)
The sting misses the ball python.
You kill the ball python!
Casting: Sting (safe; 6% risk of failure)
Confirm with . or Enter, or press ? or * to list all spells.
Aiming: Sting (safe; 6% risk of failure)
Press: ? - help, Shift-Dir - straight line, f - hobgoblin
Aim: a hobgoblin (strong, 71% to hit)
The sting hits the hobgoblin.
The hobgoblin is poisoned.
The hobgoblin is heavily wounded.
The hobgoblin closely misses you.
You hit the hobgoblin but do no damage.
The hobgoblin looks even sicker.
Your grab misses the hobgoblin.
The hobgoblin is almost dead.
The hobgoblin hits you.
Casting: Sting (safe; 6% risk of failure)
Confirm with . or Enter, or press ? or * to list all spells.
Aiming: Sting (safe; 6% risk of failure)
Press: ? - help, Shift-Dir - straight line, f/p - hobgoblin
Aim: a hobgoblin (almost dead, strong, very poisoned, 71% to hit)
The sting misses the hobgoblin.
The sting hits the goblin.
The goblin is poisoned.
You kill the goblin!
Robin throws the goblin at you! The hobgoblin hits you.
Casting: Sting (safe; 6% risk of failure)
Confirm with . or Enter, or press ? or * to list all spells.
Aiming: Sting (safe; 6% risk of failure)
Press: ? - help, Shift-Dir - straight line, f/p - hobgoblin
Aim: a hobgoblin (almost dead, strong, very poisoned, 71% to hit)
The sting hits the hobgoblin but does no damage.
The hobgoblin looks as sick as possible!
The hobgoblin is almost dead.
You kill the hobgoblin!
The goblin barely misses you.
Robin hits you from afar with a +1 heavy spear!
You die...
Robin says, "And that's why I'm the boss."

##......#.#.#
........#.#.#
#...g.$#.#g#
#...g?..g..#
#.....g#..## #+##
######.#>.# ##..#
#)#######8..#
######g##.......#
#..g@)).'...)...##
#.############8..#
#.# ##..# # #.#
##†##..# #.#
#....... #.#
#....... #.#
######## #.# #.#


You could see Robin and a goblin (strong).

Vanquished Creatures
  A dart slug (D:1)
  4 ball pythons
  4 endoplasms (D:1)
  2 giant cockroaches (D:1)
  10 goblins
  5 hobgoblins
  3 bats
  A frilled lizard (D:3)
  6 kobolds
  2 rats (D:1)
38 creatures vanquished.

Notes
Turn   | Place    | Note
-------+----------+-------------------------------------------
     0 | D:1      | Flugslaktarn the Octopode Alchemist began the quest for the
                  | Orb.
     0 | D:1      | Reached XP level 1. HP: 11/11 MP: 3/3
    58 | D:1      | Reached XP level 2. HP: 1/17 MP: 1/5
   163 | D:1      | Reached skill level 4 in Alchemy
   199 | D:1      | Reached XP level 3. HP: 15/21 MP: 1/6
   340 | D:2      | You fall into a shaft and drop 2 floors!
   400 | D:3      | Noticed Robin
   479 | D:3      | Slain by Robin

Illustrated notes

Levels and vault maps discovered:
D:1:      dpeg_arrival_lava_temple_mockup, layout_rooms, serial_shops,
          nicolae_shop_industrial_runoff
D:2:      layout_loops_corners, bh_walls_and_bars
D:3:      minmay_chambers_of_twos, layout_basic, nicolae_ru_path_of_blood,
          kiku_gazebo_garden_becter, grunt_dithmenos_smoke_and_mirrors,
          portal_sewer_entry_b, uniq_jessica, uniq_robin
D:4:      layout_gridville, mainiacjoe_overflow_big_doors, chei_slow_surprise

Skill      XL: |  1  2 |
---------------+-------+-----
Alchemy        | 4 |  4.4
Dodging        | |  2.0
Stealth        | |  2.6
Spellcasting   | |  2.6
Conjurations   | |  1.0

Action                     || total
---------------------------++-------
  Melee: Dagger            ||    32
         Constrict         ||     9
         Tentacles         ||     7
   Cast: Sting             ||    34
    Use: Potion            ||     1
 Armour: Skin              ||    28
  Dodge: Dodged            ||    35

Table legend: (Time is in decaauts)
 A = Elapsed time spent in this place.
 B = Non-inter-level travel time spent in this place.
 C = Inter-level travel time spent in this place.
 D = Time resting spent in this place.
 E = Time spent auto-exploring this place.
 F = Levels seen in this place.
 G = Mean time per level.
                   A        B        C        D        E       F      G
               +--------+--------+--------+--------+--------+-----+--------+
         Total |    477 |    444 |     33 |      0 |    132 |   4 |  119.2 |
       Dungeon |    477 |    444 |     33 |      0 |    132 |   4 |  119.2 |
               +--------+--------+--------+--------+--------+-----+--------+

Top non-repeatable levels by time:
     D:1: 284 daAuts
     D:3: 80 daAuts
     D:4: 57 daAuts
     D:2: 54 daAuts
